AoeStats
← [LMB] xved

MegaRandom

507887990Analyzed
3v3 RM · 14d ago on Sep 20, 2026· 45m 32s· 6 players
Game mode
Random Map
Map size
Normal (6 player)
Population
200
Speed
Normal
Resources
Standard
Victory
Conquest
Starting age
Dark Age
Ending age
Imperial Age
RankedLock teamsTeams togetherTeam positionsShared explorationLock speedFull tech treeHidden civsTurbo modeCheats
Victory
Defeat
🇦🇷 Bulgarians · Argentina
1204
+15
🇨🇳 Persians · China
1161
+17
🇬🇪 Italians · Georgia
1109
+19
🇺🇸 Persians · United States
1363
-23
🇺🇸 Burgundians · United States
1176
-17
🇺🇸 Malay · United States
1023
-11
星辰
1:30 Loom
11:57 Feudal Age
13:13 Wheelbarrow
19:50 Castle Age
18:02 Double-Bit Axe
18:21 Stone Mining
19:13 Horse Collar
19:46 Gold Mining
21:16 Bloodlines
21:07 Husbandry
21:53 Husbandry
23:10 Fletching
23:45 Bodkin Arrow
41:28 Imperial Age
39:42 Hand Cart
39:13 Town Watch
39:40 Bow Saw
40:06 Stone Shaft Mining
40:07 Gold Shaft Mining
41:24 Forging
41:16 Padded Archer Armor
41:16 Scale Mail Armor
41:24 Elite Skirmisher
42:10 Thumb Ring
42:10 Bracer
44:29 Conscription
44:13 Heavy Plow
45:23 Ballistics
46:58 Chemistry
5720638
10:52 Feudal Age
11:17 Double-Bit Axe
12:34 Loom
16:00 Castle Age
14:25 Horse Collar
17:50 Bloodlines
23:53 Fervor
24:23 Wheelbarrow
23:34 Town Watch
25:48 Bow Saw
29:42 Imperial Age
27:45 Husbandry
29:46 Forging
29:42 Scale Barding Armor
29:27 Cavalier
29:28 Light Cavalry
31:21 Stone Mining
31:22 Gold Mining
31:37 Savar
33:01 Iron Casting
33:00 Conscription
33:13 Hussar
36:17 Blast Furnace
36:23 Fletching
35:58 Pikeman
37:31 Scale Mail Armor
37:21 Halberdier
39:14 Bodkin Arrow
39:34 Chain Mail Armor
43:34 Citadels
Dante_in_the_deep
8:31 Loom
10:16 Feudal Age
11:22 Double-Bit Axe
15:34 Wheelbarrow
19:53 Castle Age
18:11 Horse Collar
21:00 Fletching
21:10 Padded Archer Armor
21:34 Bow Saw
21:53 Crossbowman
22:33 Bodkin Arrow
22:48 Heavy Plow
28:07 Leather Archer Armor
32:45 Imperial Age
30:53 Light Cavalry
31:44 Bloodlines
33:10 Scale Barding Armor
34:18 Chain Barding Armor
34:21 Husbandry
34:27 Bracer
39:22 Forging
41:32 Ballistics
42:12 Chemistry
[LMB] xved
6:18 Loom
10:16 Feudal Age
14:54 Castle Age
13:54 Double-Bit Axe
13:50 Horse Collar
20:39 Heavy Plow
22:09 Wheelbarrow
23:16 Hand Cart
23:39 Bow Saw
25:20 Scale Barding Armor
29:33 Imperial Age
27:45 Scale Barding Armor
28:49 Chain Barding Armor
28:40 Forging
29:13 Bloodlines
29:02 Gold Mining
29:31 Husbandry
29:09 Cavalier
30:25 Town Watch
31:19 Plate Barding Armor
31:19 Iron Casting
31:13 Fletching
32:00 Iron Casting
31:15 Fletching
31:49 Ballistics
31:40 Masonry
31:52 Ballistics
32:32 Chemistry
33:14 Gold Shaft Mining
32:32 Stone Mining
32:48 Savar
35:01 Blast Furnace
34:29 Conscription
35:16 Town Patrol
35:51 Architecture
37:48 Heavy Camel Rider
39:10 Coinage
38:52 Guilds
40:00 Squires
39:23 Pikeman
40:05 Scale Mail Armor
40:34 Halberdier
41:30 Chain Mail Armor
42:55 Citadels
42:45 Kamandaran
42:43 Bodkin Arrow
42:49 Padded Archer Armor
43:33 Plate Mail Armor
43:07 Padded Archer Armor
43:49 Crossbowman
44:35 Thumb Ring
Lellasone
11:55 Loom
14:20 Feudal Age
20:08 Castle Age
20:03 Crossbowman
21:40 Forging
24:42 Pikeman
29:22 Double-Bit Axe
36:17 Horse Collar
[LMB] Gudabeg
6:56 Loom
12:48 Feudal Age
17:27 Fishing Lines
18:24 Wheelbarrow
18:13 Double-Bit Axe
18:11 Horse Collar
18:52 Heavy Plow
19:12 Bow Saw
22:16 Castle Age
21:32 Hand Cart
21:25 Gold Mining
22:18 Scale Barding Armor
22:14 Scale Mail Armor
22:20 Cavalier
23:00 Husbandry
25:03 Chain Mail Armor
25:54 Town Watch
27:36 Elite Skirmisher
29:05 Padded Archer Armor
33:17 Fletching
33:43 Leather Archer Armor
35:48 Gold Shaft Mining
36:14 Two-Man Saw
40:18 Imperial Age
39:08 Bodkin Arrow
39:23 Forging
39:34 Chain Barding Armor
41:53 Squires
42:36 Bracer
43:35 Gillnets
Connection lost

Rejoining the realm…

Still unreachable

The connection could not be restored.

Session expired

The server has moved on; the page needs a fresh start.